 Dungeon Crawl Stone Soup version 0.26.1-11-gd32895ea62 (webtiles) character file.

Game seed: 11866274528550831245

3758 Theotherone the Destroyer (level 9, -15/54 HPs)
             Began as a Deep Elf Conjurer on June 26, 2021.
             Was a Believer of Vehumet.
             Demolished by Gastronok (33 damage)
             ... on level 9 of the Dungeon on June 28, 2021.
             The game lasted 00:48:38 (11400 turns).

Theotherone the Destroyer (Deep Elf Conjurer)      Turns: 11400, Time: 00:48:38

Health: -15/54     AC: 16    Str:  4    XL:     9   Next: 94%
Magic:  9/23       EV: 13    Int: 27    God:    Vehumet [**....]
Gold:   478        SH:  0    Dex: 13    Spells: 9/24 levels left

rFire    + . .     SeeInvis .   q - +3 dagger (protect)
rCold    + . .     Faith    .   (no shield)
rNeg     . . .     Spirit   .   v - +2 robe {rC+ rF+}
rPois    .         Reflect  .   (no helmet)
rElec    .         Harm     .   D - +2 cloak
rCorr    .         Rampage  .   m - +2 pair of gloves
Will     .....                  j - +1 pair of boots
Stlth    ++++......             (no amulet)
HPRegen  0.18/turn              y - ring of wizardry
MPRegen  0.18/turn              M - +4 ring of protection

@: no status effects
A: no striking features
a: Renounce Religion


You were on level 9 of the Dungeon.
You worshipped Vehumet.
Vehumet was pleased with you.
You visited 2 branches of the dungeon, and saw 10 of its levels.
You also visited: Ossuary.

You collected 478 gold pieces.

Inventory:

Hand Weapons
 e - a +2 flail of pain
 q - a +3 dagger of protection (weapon)
 t - a +0 whip of freezing
 J - a +2 quarterstaff of draining
Armour
 j - a +1 pair of boots (worn)
 m - a +2 pair of gloves (worn)
 v - a +2 robe of resistance (worn)
 D - a +2 cloak (worn)
Jewellery
 u - an uncursed ring of flight
 y - a ring of wizardry (left hand)
 M - a +4 ring of protection (right hand)
Wands
 d - a wand of enslavement (3)
 l - a wand of polymorph (10)
 G - a wand of acid (6)
 L - a wand of flame (16)
Scrolls
 a - a scroll of brand weapon {unknown}
 h - 4 scrolls of teleportation
 i - 4 scrolls of remove curse
 B - a scroll of immolation {unknown}
 C - a scroll of fear
 H - a scroll of blinking
 I - a scroll of fog
 P - a scroll of enchant armour
Potions
 c - 2 potions of resistance {unknown}
 g - 3 potions of heal wounds
 k - a potion of flight {unknown}
 n - 4 potions of haste
 o - 2 potions of lignification
 p - 3 potions of might
 w - a potion of magic {unknown}
 x - 2 potions of invisibility {unknown}
 z - 2 potions of degeneration {unknown}
 A - 2 potions of curing
 E - a potion of brilliance {unknown}
 F - a potion of cancellation {unknown}
 O - a potion of ambrosia {unknown}


   Skills:
 - Level 5.1 Fighting
 + Level 2.6 Short Blades
 - Level 2.4 Dodging
 - Level 8.0 Stealth
 - Level 8.0 Spellcasting
 - Level 10.0 Conjurations
 - Level 3.3 Hexes
 - Level 4.0 Translocations


You had 9 spell levels left.
You knew the following spells:

 Your Spells              Type           Power        Failure   Level
a - Magic Dart            Conj           100%         1%          1
b - Searing Ray           Conj           100%         1%          2
c - Iskenderun's Mystic   Conj/Tloc      48%          1%          4
d - Fulminant Prism       Conj/Hex       23%          1%          4
e - Dazzling Flash        Conj/Hex       92%          1%          3
f - Freeze                Ice            40%          2%          1

Your spell library contained the following spells:

 Spells                   Type           Power        Failure   Level
 Shock                    Conj/Air       100%         1%          1


Dungeon Overview and Level Annotations

Branches:
Dungeon (9/15)             Temple (1/1) D:4         Ossuary (visited)
   Lair: D:8-11         Orc: D:9-12

Altars:
Ashenzari
Cheibriados
Dithmenos
Elyvilon
Fedhas
Gozag
Hepliaklqana
Kikubaaqudgha
Makhleb
Nemelex Xobeh
Okawaru
Qazlal
Ru
Sif Muna
Trog
Uskayaw
Vehumet
Wu Jian
Xom
Yredelemnul
Zin
The Shining One

Shops:
D:7 =

Annotations:
D:3 3 runed translucent doors, Isherwood's ghost, weakling HuNe
D:9 Gastronok


Message History

Casting: Searing Ray (safe; 1% risk of failure)
Confirm with . or Enter, or press ? or * to list all spells.
Aiming: Searing Ray (safe; 1% risk of failure)
Press: ? - help, Shift-Dir - straight line, f/p - Gastronok
Aim: Gastronok, wearing a +1 hat (moderately wounded, 0% to evade)
The searing ray hits Gastronok!
Gastronok is moderately wounded. (Press . to maintain the ray.)
The searing ray hits Gastronok!
Gastronok is heavily wounded.
Gastronok bites you!!
The searing ray hits Gastronok!
Gastronok is heavily wounded.
The searing ray hits Gastronok!
Gastronok is heavily wounded.
You finish channeling your searing ray.
Gastronok gurgles, "I'll eat you, I will!"
Gastronok bites you!!
Ouch! That really hurt!
You die...

####.#####.####
#.......#w....#
#.##.##....##..
#.##..<.)......
######.#####....####
.........####>####
....###....)).# ##
#......#### #.##@#.#
#..w.#.# #....#.#
#....#.# #......#
###.#### #. #.


You could see Gastronok.

Vanquished Creatures
  Pikel (D:4)
  Maggie (D:8)
  Sigmund (D:3)
  Menkaure (Temple)
  Edmund (D:4)
  2 orc warriors
  A sky beast (D:8)
  A phantom (D:4)
  2 centaurs (D:5)
  5 ogres
  3 lemures (D:4)
  2 bullfrogs
  An elf zombie (Ossuary)
  3 scorpions
  A water moccasin skeleton (D:5)
  7 howler monkeys
  4 centaur zombies
  A bullfrog zombie (D:8)
  3 orc priests
  A quasit (D:6)
  A hound (D:5)
  2 jellies
  3 iguanas
  4 orc wizards
  A worker ant (D:6)
  Terence (D:2)
  2 big kobold zombies (Ossuary)
  2 ogre zombies (Ossuary)
  2 hound zombies
  A hound skeleton (D:6)
  6 mummies (Ossuary)
  10 adders
  A shadow imp (D:6)
  2 white imps
  2 ufetubi
  2 oozes
  2 adder zombies (Ossuary)
  An adder skeleton (D:4)
  A worm (D:3)
  3 dart slugs
  4 leopard geckos
  16 orcs
  6 bats
  2 bat zombies (D:8)
  4 giant cockroaches
  6 goblins
  10 hobgoblins
  14 jackals
  8 kobolds
  2 quokkas
  4 frilled lizards
  6 goblin zombies (Ossuary)
  3 hobgoblin zombies (Ossuary)
  A jackal skeleton (D:5)
  3 kobold zombies (Ossuary)
  An orc zombie (Ossuary)
  A quokka skeleton (D:5)
  2 quokka zombies (Ossuary)
  9 rats
  5 rat zombies (Ossuary)
198 creatures vanquished.

Vanquished Creatures (others)
  3 fungi (D:3)
  A plant (D:3)
4 creatures vanquished.

Grand Total: 202 creatures vanquished

Notes
Turn   | Place    | Note
-------+----------+-------------------------------------------
     0 | D:1      | Theotherone the Deep Elf Conjurer began the quest for the
                  | Orb.
     0 | D:1      | Reached XP level 1. HP: 10/10 MP: 6/6
   326 | D:1      | Reached XP level 2. HP: 15/15 MP: 6/8
   329 | D:1      | Learned a level 2 spell: Searing Ray
   335 | D:1      | Reached skill level 5 in Conjurations
  1046 | D:1      | Reached XP level 3. HP: 19/19 MP: 2/9
  1458 | D:2      | Noticed Terence
  1464 | D:2      | Killed Terence
  1598 | D:2      | Reached XP level 4. HP: 24/24 MP: 6/11
  1743 | D:2      | Learned a level 4 spell: Iskenderun's Mystic Blast
  2215 | D:2      | Found a burning altar of Makhleb.
  2227 | D:2      | Found a glowing golden altar of the Shining One.
  2233 | D:2      | Reached skill level 6 in Conjurations
  2578 | D:3      | Noticed Sigmund
  2792 | D:3      | Killed Sigmund
  2793 | D:3      | Reached skill level 7 in Conjurations
  2793 | D:3      | Reached XP level 5. HP: 11/28 MP: 4/13
  3015 | D:3      | Found a runed translucent gate.
  3015 | D:3      | Found a runed translucent gate.
  3015 | D:3      | Noticed Isherwood's ghost (weakling HuNe)
  3016 | D:3      | Found a runed translucent gate.
  3016 | D:3      | Identified the cursed +0 whip of Deeply Unsettling Duty
                  | {chaos, rPois rC+ Will+++ Str-4}
  3055 | D:3      | Noticed an ogre
  3059 | D:3      | Killed an ogre
  3060 | D:3      | Reached skill level 8 in Conjurations
  3060 | D:3      | Reached XP level 6. HP: 32/32 MP: 10/14
  3421 | D:3      | Found an iron altar of Okawaru.
  3475 | D:3      | Found a shadowy altar of Dithmenos.
  3800 | D:3      | Found a blossoming altar of Fedhas.
  4048 | D:3      | Learned a level 4 spell: Fulminant Prism
  4064 | D:4      | Noticed Edmund
  4072 | D:4      | Killed Edmund
  4073 | D:4      | Reached XP level 7. HP: 27/36 MP: 5/15
  4165 | D:4      | Found a sand-covered staircase.
  4171 | Ossuary  | Entered an ossuary
  4235 | Ossuary  | Reached skill level 1 in Translocations
  5430 | D:4      | Found a staircase to the Ecumenical Temple.
  5463 | Temple   | Entered the Ecumenical Temple
  5605 | Temple   | Became a worshipper of Vehumet
  5673 | D:4      | Noticed Menkaure
  5698 | Temple   | Killed Menkaure
  5699 | Temple   | Reached skill level 9 in Conjurations
  5948 | D:4      | Reached XP level 8. HP: 32/41 MP: 11/16
  6025 | D:4      | Noticed Pikel
  6048 | D:4      | Killed Pikel
  6344 | D:4      | Found a snail-covered altar of Cheibriados.
  6401 | D:4      | Found a broken altar of Ashenzari.
  6440 | D:4      | Found an opulent altar of Gozag.
  6835 | D:4      | Reached skill level 1 in Fighting
  7051 | D:5      | Entered Level 5 of the Dungeon
  7229 | D:5      | Learned a level 3 spell: Dazzling Flash
  7296 | D:5      | Found an iron altar of Okawaru.
  7796 | D:5      | Reached skill level 5 in Stealth
  7888 | D:5      | Reached XP level 9. HP: 34/49 MP: 16/23
  8133 | D:5      | Reached * piety under Vehumet
  8133 | D:5      | Offered knowledge of Freeze by Vehumet.
  8136 | D:5      | Learned a level 1 spell: Freeze
  8882 | D:6      | Found a stormy altar of Qazlal.
  9212 | D:7      | Found an ornate altar of the Wu Jian Council.
  9402 | D:7      | Found Eshun's Jewellery Shoppe.
  9604 | D:7      | Found a bloodstained altar of Trog.
  9612 | D:7      | Reached skill level 10 in Conjurations
 10053 | D:8      | Reached ** piety under Vehumet
 10139 | D:8      | Found an ancient bone altar of Kikubaaqudgha.
 10140 | D:8      | Offered knowledge of Shock by Vehumet.
 10614 | D:8      | Noticed Maggie
 10635 | D:8      | Killed Maggie
 10671 | D:8      | Reached skill level 5 in Fighting
 10926 | D:8      | Reached skill level 1 in Short Blades
 11237 | D:9      | Noticed Gastronok
 11400 | D:9      | Demolished by Gastronok

Illustrated notes

Levels and vault maps discovered:
D:1:      sevenhm_arrival_forest_fort_large_2, layout_loops_corners,
          minmay_pentomino_u2
D:2:      layout_basic, lemuel_doored_altar, general_overflow_altar,
          uniq_terence
D:3:      minmay_diamond_boxcup, layout_basic, lemuel_coloured_pillars_altar,
          lemuel_round_altar, gammafunk_ghost_nasty_kobolds,
          serial_bayou_pond_e, fedhas_altar_2, uniq_sigmund
D:4:      layout_basic, kennysheep_slug_shrine, grunt_gozag_breadcrumbs,
          kennysheep_mini_moat, minmay_temple_entry_slanted,
          nicolae_ossuary_entry_plus, uniq_edmund, uniq_pikel, uniq_menkaure
D:5:      layout_gridville, chequers_serial_rivers_small_3, okawaru_gym_becter
D:6:      minmay_klotski, layout_rooms, lemuel_round_altar,
          grunt_decor_one_mirror, minmay_microvault
D:7:      layout_loops_ring, nicolae_overflow_crystal_walls,
          lightli_temple_of_fire, serial_shops, shop_statue, corner_web_ring,
          corexii_checkpoint_a
D:8:      layout_loops_ring, lemuel_zombie_altar_kikubaaqudgha, uniq_maggie
D:9:      layout_loops_cross, erik_lair_orcish_takeover, hangedman_ranch
          [blue_anna_fruit_fields], uniq_erica, uniq_gastronok, uniq_grum
Temple:   grunt_temple_mini_profane

Skill      XL: |  1  2  3  4  5  6  7  8  9 |
---------------+----------------------------+-----
Conjurations   | 5 7 8 9 10 | 10.0
Spellcasting   | 4 8 |  8.0
Hexes          | 3 |  3.3
Translocations | 4 |  4.0
Fighting       | 2 5 |  5.1
Stealth        | 5 8 |  8.0
Short Blades   | 2 |  2.6
Dodging        | |  2.4

Action                   |  1- 3 |  4- 6 |  7- 9 || total
-------------------------+-------+-------+-------++-------
Melee: Dagger            |     4 |    17 |   124 ||   145
 Cast: Magic Dart        |    44 |    47 |    84 ||   175
       Searing Ray       |     6 |    12 |    61 ||    79
       Iskenderun's Myst |       |       |     5 ||     5
       Dazzling Flash    |       |       |     2 ||     2
  Use: Potion            |       |     1 |     5 ||     6
       Scroll            |       |     6 |    16 ||    22
 Stab: Sleeping          |     1 |     2 |    21 ||    24
Armor: Robe              |       |    12 |    90 ||   102
Dodge: Dodged            |     5 |    32 |   184 ||   221
